 Dungeon Crawl Stone Soup version 0.17-a0-701-gb6462b4 (webtiles) character file.

20006 hulla the Severer (level 12, -4/115 HPs)
             Began as a Minotaur Fighter on Apr 19, 2015.
             Was the Champion of Okawaru.
             Killed from afar by Azrael (36 damage)
             ... with a blast of hellfire
             ... on level 13 of the Dungeon.
             The game lasted 01:46:42 (14402 turns).

hulla the Severer (Minotaur Fighter)               Turns: 14402, Time: 01:46:47

Health: -4/115     AC: 18    Str: 20    XL:     12   Next: 41%
Magic:  11/11      EV:  8    Int: 10    God:    Okawaru [******]
Gold:   200        SH: 11    Dex: 14    Spells: 0 memorised, 11 levels left

rFire  + . .     SeeInvis +     q - +2 hand axe (freeze)
rCold  . . .     Clarity  .     C - +2 scale mail {rPois}
rNeg   . . .     SustAb   .     c - +0 shield
rPois  +         Gourm    .     F - +0 hat "Rikkiet" {+Inv Dex+4}
rElec  .         Spirit   .     X - +1 cloak {MR+}
rCorr  .         Warding  .     (no gloves)
rMut   .         Stasis   .     B - +3 pair of boots "Xociuri" {rF+ Str-4 SInv}
MR     +++..                    m - amulet of faith
Stlth  ..........               W - ring of the Mage {Wiz MR++ Int+3}
                                H - +3 ring of slaying

@: extremely resistant to hostile enchantments, extremely unstealthy
A: retaliatory headbutt, horns 2
a: Heroism, Finesse, Renounce Religion, Evoke Invisibility


You were on level 13 of the Dungeon.
You worshipped Okawaru.
Okawaru was exalted by your worship.
You were not hungry.

You visited 2 branches of the dungeon, and saw 14 of its levels.
You also visited: Labyrinth and Bailey.

You collected 930 gold pieces.
You spent 730 gold pieces at shops.

Inventory:

Hand weapons
 q - a +2 hand axe of freezing (weapon)
 y - a +8 hand axe of flaming
 R - a +4 hand axe of protection
Missiles
 i - 296 arrows
 E - 5 javelins of penetration (quivered)
Armour
 c - a +0 shield (worn)
 o - a +3 ring mail of magic resistance
 B - the +3 pair of boots "Xociuri" (worn) {rF+ Str-4 SInv}
   (You acquired it in a labyrinth)

   It affects your strength (-4).
   It protects you from fire.
   It enhances your eyesight.
 C - a +2 scale mail of poison resistance (worn)
 F - the +0 hat "Rikkiet" (worn) {+Inv Dex+4}
   (Okawaru gifted it to you on level 13 of the Dungeon)

   It affects your dexterity (+4).
   It lets you turn invisible.
 X - a +1 cloak of magic resistance (worn)
Magical staves
 z - an uncursed staff of air
Jewellery
 b - an uncursed amulet of guardian spirit
 l - a +3 ring of dexterity
 m - an amulet of faith (around neck)
 v - a +3 ring of strength
 w - an uncursed ring of protection from magic
 H - a +3 ring of slaying (left hand)
 U - an uncursed ring of protection from cold
 W - the ring of the Mage (right hand) {Wiz MR++ Int+3}
   (You took it off a minotaur in a labyrinth)

   [ring of wizardry]

   It improves your spell success rate.
   It affects your intelligence (+3).
   It affects your resistance to hostile enchantments.
 Y - an uncursed ring of see invisible
Magical devices
 u - a wand of disintegration (9)
 D - a wand of flame (24)
 K - a wand of flame (7)
 P - a wand of cold (9)
 Q - a wand of confusion (18)
Scrolls
 a - 5 scrolls of teleportation
 g - 7 scrolls of remove curse
 p - a scroll of identify
 x - a scroll of fog
 S - 2 scrolls of magic mapping
 Z - a scroll of blinking
Potions
 e - 7 potions of might
 f - 2 potions of brilliance
 h - 5 potions of heal wounds
 j - 7 potions of curing
 n - a potion of flight
 r - 2 potions of agility
 s - a potion of magic
 t - a potion of lignification {unknown}
 G - a potion of haste
 M - 4 potions of resistance
 T - 2 potions of restore abilities
Books
 V - a book of Death

   Spells                             Type                      Level
   a - Corpse Rot                     Necromancy                   2
   b - Sublimation of Blood           Necromancy                   2
   c - Agony                          Necromancy                   5
   d - Dispel Undead                  Necromancy                   5
   e - Excruciating Wounds            Charms/Necromancy            5
   f - Bolt of Draining               Conjuration/Necromancy       5
Comestibles
 d - 9 bread rations
 k - 10 slices of pizza
 A - 2 fruits
 I - 10 beef jerkies
 J - 6 meat rations
 L - 11 chunks of flesh


   Skills:
 - Level 13.0 Fighting
 * Level 15.8 Axes
 - Level 11.1 Armour
 - Level 0.3 Stealth
 - Level 9.0 Shields


You had 11 spell levels left.
You didn't know any spells.

Dungeon Overview and Level Annotations

Branches:
Dungeon (13/15)            Temple (0/1) D:5            Lair (1/8) D:11
    Orc (0/4) D:10
 Vaults: D:13-14

Altars:
Dithmenos
Elyvilon
Fedhas
Okawaru
Yredelemnul

Shops:
D:5 :}=}[   D:9 ?!((?   D:11 %

Annotations:
D:13 Azrael


Innate Abilities, Weirdness & Mutations

You reflexively headbutt those who attack you in melee.
You have a pair of horns on your head.


Message History

You are covered in liquid flames!
Azrael gestures at you.
The fireball explodes!
The fireball engulfs you! You resist.
The fireball engulfs Azrael.
Azrael completely resists.
You hit Azrael but do no damage. You headbutt Azrael, but do no damage.
Azrael is almost dead.
You are covered in liquid flames!
Azrael gestures at you. The bolt of fire hits you! You resist.
* * * LOW HITPOINT WARNING * * *
You hit Azrael. You freeze Azrael. Your headbutt misses Azrael.
Azrael is almost dead.
You are covered in liquid flames!
You hit Azrael but do no damage.
Azrael is almost dead.
You are covered in liquid flames!
* * * LOW HITPOINT WARNING * * *
Azrael gestures at you.
The hellfire explodes!
The blast of hellfire engulfs you!
You die...

###########........
.....................
...................../
......................
...)...)..............
'####<.....##+#....#
....#......'..#....#
....+......#..'..).+
##+##......#..#.@R.# #
.....##+###+###)...#
#......# ....+
#......+ ....#
+......# ....# #
.....# ....# .## .....
.... .


You could see Azrael.

Vanquished Creatures
  A minotaur (Lab)
  A centaur warrior (D:13)
  An unseen horror (D:12)
  A hill giant (D:12)
  An orc knight (Bailey)
  2 ugly things (D:12)
  A cyclops (D:13)
  Maurice (D:9)
  A black mamba (D:11)
  A two-headed ogre (D:12)
  2 wandering mushrooms (Lab)
  6 trolls
  3 slime creatures (D:13)
  A wraith (D:13)
  A wyvern (D:10)
  A trapdoor spider (Lab)
  2 deep elf magi (D:13)
  18 yaks
  2 hungry ghosts
  A human (D:7)
  A hippogriff (D:9)
  4 fire elementals (D:13)
  2 hogs (D:7)
  A mottled dragon (D:12)
  A hell hound (D:13)
  2 ice beasts
  4 sky beasts
  2 necrophages (D:9)
  14 orc warriors
  3 phantoms
  A black bear (D:13)
  A swamp drake (D:10)
  6 ogres
  9 centaurs
  A crocodile (D:11)
  4 big kobolds
  5 giant frogs
  Blork the orc (D:4)
  An earth elemental (Lab)
  3 scorpions
  A water moccasin skeleton (D:10)
  9 killer bees
  6 crimson imps
  A giant frog zombie (D:7)
  A quasit (D:7)
  A wasp zombie (D:7)
  13 orc priests
  8 hounds
  3 jellies
  15 orc wizards
  3 centaur zombies
  4 giant frog skeletons
  6 iguanas
  4 worker ants
  Terence (D:3)
  6 sheep
  2 hound skeletons
  5 gnolls (Bailey)
  21 adders
  2 shadow imps
  An ooze (D:3)
  An adder zombie (D:6)
  2 worms
  5 giant geckos
  72 orcs
  19 bats
  A bat skeleton (D:6)
  A bat zombie (D:6)
  11 giant cockroaches
  32 goblins
  23 hobgoblins
  5 jackals
  17 kobolds
  4 quokkas
  2 ball pythons
  6 giant newts
  3 giant spores
  A jackal zombie (D:8)
  A quokka skeleton (D:6)
  A quokka zombie (D:10)
  15 rats
  28 ballistomycetes
477 creatures vanquished.

Vanquished Creatures (others)
  A giant spore (D:11)
1 creature vanquished.

Grand Total: 478 creatures vanquished

Notes
Turn   | Place    | Note
--------------------------------------------------------------
     0 | D:1      | hulla, the Minotaur Fighter, began the quest for the Orb.
     0 | D:1      | Reached XP level 1. HP: 19/19 MP: 0/0
   152 | D:1      | Reached skill level 4 in Fighting
   162 | D:1      | Reached XP level 2. HP: 21/27 MP: 1/1
   526 | D:1      | Reached XP level 3. HP: 34/34 MP: 2/2
   598 | D:2      | Reached skill level 5 in Fighting
   609 | D:2      | Found a basalt altar of Yredelemnul.
   883 | D:2      | Reached XP level 4. HP: 42/44 MP: 3/3
  1500 | D:3      | Reached skill level 6 in Fighting
  1502 | D:3      | Noticed Terence
  1514 | D:3      | Killed Terence
  1514 | D:3      | Reached XP level 5. HP: 5/50 MP: 4/4
  2082 | D:3      | Reached XP level 6. HP: 54/57 MP: 5/5
  2441 | D:4      | Reached skill level 5 in Axes
  2441 | D:4      | Reached skill level 5 in Armour
  2508 | D:4      | Found a white marble altar of Elyvilon.
  2869 | D:4      | Noticed Blork the orc
  2872 | D:4      | Killed Blork the orc
  2872 | D:4      | Reached XP level 7. HP: 56/63 MP: 6/6
  2880 | D:4      | Reached skill level 7 in Axes
  3076 | D:5      | Entered Level 5 of the Dungeon
  3089 | D:5      | Found Bolusm's Antique Armour Emporium.
  3096 | D:5      | Found an iron altar of Okawaru.
  3116 | D:5      | Became a worshipper of Warmaster Okawaru
  3261 | D:5      | Found Irurrox's Jewellery Shop.
  3339 | D:5      | Found Reecs's Gadget Boutique.
  3342 | D:5      | Reached skill level 8 in Axes
  3343 | D:5      | Found a staircase to the Ecumenical Temple.
  3433 | D:5      | Found Uwom's Gadget Shoppe.
  3466 | D:5      | Found Giled's Book Emporium.
  3756 | D:6      | Reached XP level 8. HP: 66/74 MP: 7/7
  3826 | D:6      | Acquired Okawaru's first power
  4071 | D:6      | Reached skill level 9 in Fighting
  4296 | D:6      | Reached skill level 10 in Fighting
  4296 | D:6      | Reached skill level 10 in Axes
  4848 | D:7      | Reached XP level 9. HP: 85/85 MP: 8/8
  5162 | D:7      | Found a blossoming altar of Fedhas.
  5446 | D:7      | Reached skill level 11 in Axes
  6554 | D:8      | Found a flagged portal.
  6566 | Bailey   | Entered a bailey
  6594 | Bailey   | Reached skill level 5 in Shields
  6721 | Bailey   | Noticed an orc knight
  6725 | Bailey   | Reached XP level 10. HP: 85/96 MP: 6/9
  6741 | Bailey   | Killed an orc knight
  6758 | Bailey   | Noticed an orc knight
  6758 | Bailey   | Noticed an orc warlord
  7589 | D:5      | Bought an uncursed amulet of faith for 480 gold pieces
  7872 | D:9      | Found Xiniebo's Magic Scroll Boutique.
  8238 | D:9      | Found Duetixac's Distillery.
  8412 | D:9      | Found Reekun's Weapon Shoppe.
  8449 | D:9      | Found Didghanix's Magic Scroll Boutique.
  8457 | D:9      | Bought a scroll of identify for 28 gold pieces
  8457 | D:9      | Bought a scroll of teleportation for 42 gold pieces
  8527 | D:9      | Noticed Maurice
  8535 | D:9      | Killed Maurice
  8535 | D:9      | Acquired Okawaru's second power
  8717 | D:9      | Found Nyekuegh's Weapon Emporium.
  8812 | D:10     | Entered Level 10 of the Dungeon
  9260 | D:10     | Reached skill level 10 in Armour
 10076 | D:5      | Bought an uncursed ring of see invisible for 180 gold pieces
 10419 | D:10     | Found a staircase to the Orcish Mines.
 10432 | D:10     | Reached XP level 11. HP: 96/100 MP: 10/10
 10613 | D:11     | Found Heonad's Food Shop.
 10637 | D:11     | Found a labyrinth entrance.
 10649 | Lab      | Entered a labyrinth
 11084 | Lab      | Noticed a minotaur
 11096 | Lab      | Killed a minotaur
 11104 | Lab      | Identified a scroll of acquirement
 11105 | Lab      | Got a pair of warped boots
 11111 | Lab      | Identified the +3 pair of boots "Xociuri" {rF+ Str-4 SInv} (You acquired it in a labyrinth)
 11362 | D:11     | Reached skill level 12 in Axes
 11700 | D:11     | Found a staircase to the Lair.
 12275 | Lair:1   | Entered Level 1 of the Lair of Beasts
 12289 | D:11     | Received a gift from Okawaru
 12498 | D:12     | Found a shadowy altar of Dithmenos.
 12962 | D:12     | Reached skill level 13 in Fighting
 13309 | D:12     | Noticed a six-headed hydra
 13378 | D:12     | Noticed an unseen horror
 13432 | D:12     | Noticed a hill giant
 13440 | D:12     | Killed a hill giant
 13558 | D:12     | Killed an unseen horror
 13558 | D:12     | Received a gift from Okawaru
 13678 | D:12     | Reached skill level 14 in Axes
 13678 | D:12     | Reached XP level 12. HP: 90/113 MP: 11/11
 14043 | D:13     | Noticed a centaur warrior
 14047 | D:13     | Received a gift from Okawaru
 14058 | D:13     | Killed a centaur warrior
 14080 | D:13     | Got a slimy hat {god gift}
 14086 | D:13     | Identified the +0 hat "Rikkiet" {+Inv Dex+4} (Okawaru gifted it to you on level 13 of the Dungeon)
 14167 | D:13     | Reached skill level 15 in Axes
 14370 | D:13     | Noticed Azrael
 14402 | D:13     | Killed from afar by Azrael

Action                   |  1- 3 |  4- 6 |  7- 9 | 10-12 || total
-------------------------+-------+-------+-------+-------++-------
Melee: War axe           |    79 |    33 |       |    70 ||   182
       Hand axe          |       |    52 |   237 |   415 ||   704
       Unarmed           |       |       |     2 |       ||     2
       Battleaxe         |       |       |       |    61 ||    61
Throw: Stone             |       |       |     5 |    20 ||    25
       Javelin           |       |       |       |    12 ||    12
Invok: Heroism           |       |       |     1 |     1 ||     2
  Use: Scroll            |     1 |       |    19 |    12 ||    32
       Potion            |       |       |       |     2 ||     2
 Stab: Invisible         |       |       |       |     6 ||     6
  Eat: Chunk             |       |     6 |    12 |    26 ||    44
